 Dungeon Crawl Stone Soup version 0.26-b1-32-g5d43845318 (webtiles) character file.

Game seed: 2089848127911793423

234 MajorAdolf the Caller (level 6, 0/55 HPs)
             Began as a Naga Wanderer on Jan 8, 2021.
             Slain by a river rat (4 damage)
             ... on level 4 of the Dungeon.
             The game lasted 00:05:53 (4384 turns).

MajorAdolf the Caller (Naga Wanderer)               Turns: 4384, Time: 00:05:54

Health: 0/55       AC:  6    Str: 16    XL:     6   Next: 5%
Magic:  10/10      EV:  4    Int: 11    God:
Gold:   136        SH: 11    Dex: 12    Spells: 11/11 levels left

rFire    . . .     SeeInvis +   k - +1 war axe (vamp)
rCold    . . .     Faith    .   g - +0 tower shield
rNeg     . . .     Spirit   .   h - +0 ring mail
rPois    +         Reflect  .   i - +0 helmet
rElec    .         Harm     .   (no cloak)
rCorr    .         Rampage  .   (no gloves)
Will     .....     Rnd*Tele +   (no barding)
Stlth    +.........             (no amulet)
HPRegen  0.18/turn              l - ring of teleportation (curse)
MPRegen  0.12/turn              (no ring)

@: short of breath, very slow
A: large, see invisible, deformed body, poison resistance, slowness 2, spit
poison 1, AC +2
a: Spit Poison


You were on level 4 of the Dungeon.
You visited 1 branch of the dungeon, and saw 4 of its levels.

You collected 136 gold pieces.

Inventory:

Hand Weapons
 k - a +1 vampiric war axe (weapon)
 n - a cursed -3 hand axe
Missiles
 b - 20 poisoned darts
Armour
 g - a +0 tower shield (worn)
 h - a +0 ring mail (worn)
 i - a +0 helmet (worn)
Jewellery
 l - a cursed ring of teleportation (left hand)
Scrolls
 d - a scroll of identify
 j - a scroll of remove curse
 o - a scroll of teleportation {unknown}
Potions
 a - a potion of cancellation {unknown}
 c - a potion of heal wounds {unknown}
 e - 4 potions of lignification {unknown}
 f - a potion of attraction {unknown}
 m - 2 potions of berserk rage {unknown}


   Skills:
 + Level 2.6 Fighting
 * Level 2.1 Axes
 + Level 1.9 Armour
 + Level 2.0 Dodging
 - Level 1.5 Stealth
 + Level 1.3 Shields
 - Level 3.0 Spellcasting
 - Level 4.0 Summonings
 - Level 1.0 Translocations
 - Level 1.0 Evocations


You had 11 spell levels left.
You didn't know any spells.
Your spell library contained the following spells:

 Spells                   Type           Power        Failure   Level
 Summon Small Mammal      Summ           40%          88%         1
 Call Imp                 Summ           10%          95%         2
 Call Canine Familiar     Summ           10%          99%         3
 Magic Dart               Conj           4%           100%        1
 Sandblast                Erth           2%           100%        1
 Blink                    Tloc           N/A          100%        2
 Slow                     Hex            1%           100%        2
 Conjure Flame            Conj/Fire      1%           100%        3
 Mephitic Cloud           Conj/Pois/Air  1%           100%        3
 Stone Arrow              Conj/Erth      2%           100%        3


Dungeon Overview and Level Annotations

Branches:
Dungeon (4/15)             Temple (0/1) D:4

Altars:
Cheibriados
Hepliaklqana
Kikubaaqudgha
Makhleb
Qazlal
Trog

Shops:
D:4 !


Innate Abilities, Weirdness & Mutations

You cannot wear boots.
Your serpentine skin is tough. (AC +2)
You have supernaturally acute eyesight. (SInv)
Armour fits poorly on your strangely shaped body.
Your system is resistant to poisons. (rPois)
You cover ground very slowly.
You can spit poison.


Message History

You block the river rat's attack. The river rat barely misses you.
You are too injured to fight recklessly!
You are too injured to fight recklessly!
You barely miss the river rat. You block the river rat's attack.
The giant cockroach waves its antennae.
You closely miss the river rat. You block the river rat's attack.
The river rat bites you.
* * * LOW HITPOINT WARNING * * *
Press: ? - help, Shift-Dir - straight line, f - river rat
Aim: a river rat The splash of poison hits the river rat but does no damage.
The river rat bites you.
* * * LOW HITPOINT WARNING * * *
Unknown command.
Okay, then.
You aren't carrying any items that you can evoke.
You closely miss the river rat. You block the river rat's attack.
You barely miss the river rat. You block the river rat's attack.
The river rat bites you.
You die...

#..,,,,,,,,,**
*..##*,,,,,,,*
*...#*,,,,,,,*
*#.#8#**,,,,,,***
*..#.# **,****,,,
##.##∩# *** ***,
#rB*#.# **
#r###<# #@#...###
##....8..#
#(.......##
#.........#
*#.........##
#...........#
#...........#
#...........#
##..........#


You could see a river rat, a giant cockroach and a rat.

Vanquished Creatures
  A bullfrog (D:4)
  An iguana (D:4)
  A worker ant (D:4)
  4 adders
  2 oozes (D:1)
  4 worms
  3 dart slugs
  2 orcs (D:3)
  5 giant cockroaches
  4 goblins
  A hobgoblin (D:2)
  6 jackals (D:2)
  7 kobolds
  6 bats
  6 frilled lizards
  15 rats
68 creatures vanquished.

Notes
Turn   | Place    | Note
-------+----------+-------------------------------------------
     0 | D:1      | MajorAdolf the Naga Wanderer began the quest for the Orb.
     0 | D:1      | MajorAdolf set off with the following items: a +0 club, a
                  | +0 robe; and the following spells available to memorise:
                  | Summon Small Mammal, Call Imp, Call Canine Familiar, Magic
                  | Dart, Sandblast, Blink, Slow, Conjure Flame, Mephitic
                  | Cloud, Stone Arrow
     0 | D:1      | Reached XP level 1. HP: 15/15 MP: 4/4
   408 | D:1      | Reached XP level 2. HP: 24/24 MP: 6/6
   465 | D:1      | You fall into a shaft and drop 1 floor!
   742 | D:1      | Reached skill level 1 in Fighting
  1069 | D:1      | Reached skill level 1 in Armour
  1069 | D:1      | Reached skill level 1 in Dodging
  1069 | D:1      | Reached XP level 3. HP: 6/31 MP: 7/7
  1825 | D:2      | Found an ancient bone altar of Kikubaaqudgha.
  2465 | D:2      | Found a hazy altar of Hepliaklqana.
  2465 | D:2      | Found a burning altar of Makhleb.
  2527 | D:2      | Found a stormy altar of Qazlal.
  2549 | D:2      | Reached XP level 4. HP: 35/39 MP: 8/8
  2870 | D:2      | Found a snail-covered altar of Cheibriados.
  3469 | D:3      | Noticed a moth of wrath
  4218 | D:3      | Found a bloodstained altar of Trog.
  4281 | D:4      | Reached skill level 1 in Axes
  4281 | D:4      | Reached skill level 1 in Shields
  4281 | D:4      | Reached XP level 5. HP: 9/45 MP: 9/9
  4331 | D:4      | Found a staircase to the Ecumenical Temple.
  4346 | D:4      | Reached XP level 6. HP: 9/55 MP: 10/10
  4363 | D:4      | Found Gighuwea's Distillery.
  4384 | D:4      | Slain by a river rat

Illustrated notes

Levels and vault maps discovered:
D:1:      sevenhm_arrival_forest_fort_small_6, layout_basic, minmay_pentomino_s2
D:2:      layout_loops_ring, lemuel_round_altar, old_standard_altar,
          kennysheep_slug_shrine, gammafunk_temple_overflow_pools
D:3:      layout_loops_corners, tgw_trog
D:4:      layout_cave_pods, minmay_temple_entry_tees, serial_shops, shop_statue,
          shop, portal_sewer_entry_b, uniq_pikel

Skill      XL: |  1  2  3  4  5 |
---------------+----------------+-----
Fighting       | 1 2 |  2.6
Armour         | 1 |  1.9
Dodging        | 1 2 |  2.0
Axes           | 1 2 |  2.1
Shields        | 1 |  1.3
Stealth        | |  1.5
Spellcasting   | |  3.0
Summonings     | |  4.0
Translocations | |  1.0
Evocations     | |  1.0

Action                   |  1- 3 |  4- 6 || total
-------------------------+-------+-------++-------
Melee: Club              |    25 |       ||    25
       Short sword       |    67 |       ||    67
       Dagger            |     8 |    72 ||    80
       War axe           |       |    58 ||    58
 Abil: Spit Poison       |    36 |    11 ||    47
  Use: Scroll            |     1 |     2 ||     3
 Stab: Sleeping          |     1 |       ||     1
Armor: Robe              |    38 |    27 ||    65
       Ring mail         |       |    20 ||    20
Dodge: Dodged            |    50 |    25 ||    75
Block: Tower shield      |    25 |    72 ||    97
